 Dungeon Crawl Stone Soup version 0.29.1-4-g47bece8355 (webtiles) character file.

Game seed: 11283661541340541944

1540 unlimited1921 the Magician (level 9, -15/55 HPs)
             Began as a Djinni Fire Elementalist on Dec 11, 2022.
             Was a Follower of Fedhas.
             Killed from afar by an acid dragon (24 damage)
             ... with a splash of acid
             ... on level 6 of the Dungeon.
             The game lasted 00:28:59 (12889 turns).

unlimited1921 the Magician (DjFE)                  Turns: 12889, Time: 00:28:59

Health: -15/55     AC:  6    Str:  7    XL:     9   Next: 11%
Gold:   29         EV: 12    Int: 22    God:    Fedhas [*.....] SH:  0 Dex: 13

rFire   + + .      SeeInvis .   z - +3 whip (drain)
rCold   x . .      Faith    .   (no shield)
rNeg    + + .      Spirit   .   d - +1 leather armour {rN+}
rPois   ∞          Reflect  .   r - +0 helmet
rElec   .          Harm     .   p - +0 cloak
rCorr   .          Rampage  .   (no gloves)
Will    .....                   (boots unavailable)
Stlth   ++........              (no amulet)
HPRegen 0.18/turn               B - ring of wizardry
MPRegen 0.00/turn               w - ring of positive energy

@: flying, studying Shields
A: sickness immunity, fire resistance 2, cold vulnerability 1, float, innate
caster, HP casting, extra vitality 1
a: Renounce Religion


You were on level 6 of the Dungeon.
You worshipped Fedhas.
Fedhas was aware of your devotion.
You visited 2 branches of the dungeon, and saw 7 of its levels.

You collected 295 gold pieces.
You spent 266 gold pieces at shops.

Inventory:

Hand Weapons
 o - a +0 dagger of speed
 z - a +3 whip of draining (weapon)
 I - a +2 whip of venom
Missiles
 g - 3 boomerangs of dispersal
 s - 2 throwing nets
Armour
 d - a +1 leather armour of positive energy (worn)
 p - a +0 cloak (worn)
 r - a +0 helmet (worn)
 v - a +0 tower shield
Jewellery
 w - a ring of positive energy (right hand)
 B - a ring of wizardry (left hand)
Wands
 J - a wand of paralysis (12)
Scrolls
 e - 2 scrolls of poison {unknown}
 i - 2 scrolls of blinking {unknown}
 j - 2 scrolls of teleportation
 m - a scroll of immolation
 n - 2 scrolls of enchant weapon
 A - 2 scrolls of noise {unknown}
 F - 2 scrolls of magic mapping
Potions
 a - a potion of haste {unknown}
 b - a potion of attraction {unknown}
 c - 5 potions of curing
 f - a potion of brilliance
 h - a potion of ambrosia {unknown}
 k - a potion of mutation
 l - 2 potions of magic {unknown}
 q - a potion of might {unknown}
 t - 3 potions of heal wounds {unknown}
 D - a potion of cancellation {unknown}
 E - a potion of resistance {unknown}
 G - a potion of invisibility {unknown}
 H - a potion of lignification {unknown}


   Skills:
 + Level 0.6 Armour
 + Level 3.1 Dodging
 + Level 3.7 Stealth
 * Level 3.2 Shields
 + Level 7.7 Spellcasting


You had one spell level left.
You knew the following spells:

 Your Spells              Type           Power      Damage    Failure   Level
a - Foxfire               Conj/Fire      100%       2x1d9     1%          1
b - Scorch                Fire           84%        2d9       1%          2
c - Conjure Flame         Conj/Fire      42%        6-21      1%          3
d - Inner Flame           Hex/Fire       42%        N/A       1%          3
e - Flame Wave            Conj/Fire      42%        2d11      1%          4
f - Beastly Appendage     Tmut           84%        N/A       1%          1
g - Ensorcelled Hibernat  Hex/Ice        84%        N/A       1%          2
h - Dazzling Flash        Conj/Hex       84%        N/A       1%          3
i - Tukima's Dance        Hex            42%        N/A       1%          3
Your spell library was empty.

Dungeon Overview and Level Annotations

Branches:
Dungeon (6/15)             Temple (1/1) D:4

Altars:
Ashenzari
Cheibriados
Dithmenos
Elyvilon
Fedhas
Gozag
Makhleb
Nemelex Xobeh
Okawaru
Qazlal
Trog
Uskayaw
Wu Jian
Xom
The Shining One

Shops:
D:1 *   D:5 ([=?   D:6 !

Annotations:
D:6 Dowan


Innate Abilities, Weirdness & Mutations

You are immune to sickness and miasma.
You are immune to poison.
Your flesh is very heat resistant. (rF++)
You are vulnerable to cold. (rC-)
You float through the air rather than walking.
You learn spells naturally, not from books.
Your magical power is your life essence.
You have superior vitality. (+4 MHP)


Message History

Duvessa is moderately wounded.
The foxfire hits Duvessa.
Flame seeps out of Duvessa.
Duvessa is heavily wounded.
Duvessa is engulfed in blazing flames.
Flame seeps out of Duvessa.
The acid dragon is engulfed in blazing flames.
Casting: Foxfire (safe; 1% risk of failure)
Confirm with . or Enter, or press ? or * to list all spells.
Aiming: Tukima's Dance (safe; 1% risk of failure)
Press: ? - help, Shift-Dir - straight line, f - centaur
Aim: a centaur, wielding a +0 shortbow (chance to affect: 67%)
The +0 dagger dances into the air!
* * * LOW HITPOINT WARNING * * *
Dowan mumbles some strange words.
Dowan blinks!
Casting: Tukima's Dance (safe; 1% risk of failure)
Confirm with . or Enter, or press ? or * to list all spells.
You conjure some foxfire!
* * * LOW HITPOINT WARNING * * *
Duvessa barely misses you.
The foxfire hits Duvessa.
Flame seeps out of Duvessa.
Duvessa is severely wounded.
The foxfire hits Duvessa!
Flame seeps out of Duvessa.
Duvessa is almost dead.
Duvessa is engulfed in blazing flames.
Fedhas appreciates your contribution to the ecosystem.
You hear a distant wail of despair.
Duvessa explodes!
The fiery explosion engulfs the centaur!!
The centaur is almost dead.
Your +0 dagger is engulfed in blazing flames.
Your +0 dagger hits something.
Your Shields skill increases to level 3!
The centaur shoots an arrow.
The arrow hits you.
* * * LOW HITPOINT WARNING * * *
The centaur shoots an arrow.
The arrow barely misses you.
The centaur shoots an arrow.
The arrow misses you. The acid dragon spits acid at you.
The splash of acid hits you!!
You die...
Fedhas appreciates your contribution to the ecosystem.

#......)....... ....
#....§.(e....##... ....
#..........##.... ..
#........##.......... .
####'e####............
#c§D...............
###§°#............... #
###.#§§§...............# #
#....∩...@..............##
##.........#..............
##............#............
##..........####............
#............###...........#
#.....#.......#............#
......##....).#.....#......#
...... #..##.......###..##..
.......#...#.......# #.##...


You could see an acid dragon (catching breath), Dowan and a centaur.

Vanquished Creatures
  Sigmund (D:4)
  A water moccasin (D:5)
  Duvessa (D:6)
  2 black bears (D:5)
  3 ogres
  A phantom (D:6)
  A scorpion (D:6)
  Jessica (D:2)
  5 iguanas
  3 orc wizards
  13 gnolls
  13 adders
  3 shadow imps
  3 worms
  2 dart slugs
  8 orcs
  6 bats
  5 endoplasms
  5 giant cockroaches
  7 goblins
  10 hobgoblins
  4 jackals (D:1)
  5 quokkas
  8 ball pythons
  3 frilled lizards
  5 kobolds
  8 rats
127 creatures vanquished.

Vanquished Creatures (others)
  462 foxfires
462 creatures vanquished.

Grand Total: 589 creatures vanquished

Notes
Turn   | Place    | Note
-------+----------+-------------------------------------------
     0 | D:1      | unlimited1921 the Djinni Fire Elementalist began the quest
                  | for the Orb.
     0 | D:1      | unlimited1921 set off with the following spells memorised:
                  | Foxfire, Scorch, Conjure Flame, Inner Flame, Flame Wave.
     0 | D:1      | Reached XP level 1. HP: 15/15 MP: 0/0
   804 | D:1      | Reached XP level 2. HP: 18/21 MP: 0/0
  1313 | D:1      | Found Rygitz's Assorted Antiques.
  1864 | D:1      | Reached XP level 3. HP: 15/25 MP: 0/0
  1864 | D:1      | Learned a level 1 spell: Beastly Appendage
  2139 | D:1      | Found a faded altar of an unknown god.
  2286 | D:1      | Reached skill level 3 in Spellcasting
  3847 | D:2      | Noticed Jessica
  3854 | D:2      | Killed Jessica
  3855 | D:2      | Reached XP level 4. HP: 22/31 MP: 0/0
  4455 | D:2      | Reached XP level 5. HP: 31/35 MP: 0/0
  4455 | D:2      | Learned a level 2 spell: Ensorcelled Hibernation
  4461 | D:2      | Reached skill level 4 in Spellcasting
  6166 | D:3      | Reached XP level 6. HP: 28/40 MP: 0/0
  7836 | D:4      | Noticed Sigmund
  7840 | D:4      | Killed Sigmund
  7841 | D:4      | Reached skill level 5 in Spellcasting
  7841 | D:4      | Reached XP level 7. HP: 33/45 MP: 0/0
  7841 | D:4      | Learned a level 3 spell: Dazzling Flash
  9455 | D:4      | Found a blossoming altar of Fedhas.
  9460 | D:4      | Became a worshipper of Fedhas Madash
  9493 | D:4      | Found a staircase to the Ecumenical Temple.
  9812 | Temple   | Entered the Ecumenical Temple
 10075 | D:3      | Found a burning altar of Makhleb.
 10075 | D:3      | Found a stormy altar of Qazlal.
 10122 | D:5      | Entered Level 5 of the Dungeon
 10263 | D:5      | Reached skill level 6 in Spellcasting
 10506 | D:5      | Found Legiteq's Weapon Emporium.
 10506 | D:5      | Noticed a water moccasin
 10508 | D:5      | Found Rimaxic's Armour Emporium.
 10527 | D:5      | Found Oduaprob's Magic Scroll Emporium.
 10528 | D:5      | Found Acoasegg's Jewellery Emporium.
 10533 | D:5      | Killed a water moccasin
 10534 | D:5      | Reached XP level 8. HP: 46/50 MP: 0/0
 10939 | D:5      | Bought a scroll of identify for 28 gold pieces
 10939 | D:5      | Bought a scroll of identify for 28 gold pieces
 10939 | D:5      | Bought a scroll of identify for 28 gold pieces
 10939 | D:5      | Bought a scroll of identify for 28 gold pieces
 10995 | D:5      | Identified a scroll of acquirement
 10996 | D:5      | Acquired a manual of Shields
 11645 | D:6      | Reached skill level 1 in Shields
 11819 | D:6      | Reached * piety under Fedhas
 12038 | D:6      | Reached skill level 7 in Spellcasting
 12674 | D:6      | Found Sugoinn's Distillery.
 12738 | D:6      | Reached XP level 9. HP: 50/55 MP: 0/0
 12738 | D:6      | Learned a level 3 spell: Tukima's Dance
 12867 | D:6      | Bought a potion of mutation for 112 gold pieces
 12867 | D:6      | Bought a potion of curing for 42 gold pieces
 12875 | D:6      | Noticed Duvessa
 12875 | D:6      | Noticed Dowan
 12887 | D:6      | Killed Duvessa
 12889 | D:6      | Killed from afar by an acid dragon

Illustrated notes

Levels and vault maps discovered:
D:1:      lemuel_arrival_tunnels, layout_loops_corners, serial_shops,
          nicolae_shop_advertising_works [nicolae_subvault_shop_adworks],
          serial_glass, glass_columns_a, glass_columns_a, glass_columns_b,
          glass_columns_b, glass_columns_a, hellmonk_ecumenical_altar_dog_temple
D:2:      layout_rooms, uniq_jessica
D:3:      layout_rooms, nicolae_overflow_hidden_temple, nrook_mini_backslash,
          hangedman_decor_opposing
D:4:      layout_loops_ring, gammafunk_temple_overflow_wave,
          minmay_temple_entry_stoned_glass, serial_rivers,
          chequers_serial_rivers_large_a, chequers_serial_rivers_room_a,
          chequers_serial_rivers_small_3, chequers_serial_rivers_micro_a,
          chequers_serial_rivers_small_3, uniq_sigmund
D:5:      layout_loops_corners, minmay_shop_grid_forest
D:6:      kennysheep_big_flooded_room, layout_cave_pools, serial_shops, shop,
          grunt_ministairs_8, uniq_duvessa, uniq_edmund
Temple:   nicolae_temple_figure_eight

Skill      XL: |  1  2  3  4  5  6  7  8  9 |
---------------+----------------------------+-----
Spellcasting   | 3 4 5 6 7 |  7.7
Stealth        | 2 3 |  3.7
Dodging        | 3 |  3.1
Shields        | 2 3 |  3.2
Armour         | |  0.6

Action                   |  1- 3 |  4- 6 |  7- 9 || total
-------------------------+-------+-------+-------++-------
 Cast: Foxfire           |    73 |   104 |   125 ||   302
       Scorch            |     1 |    16 |    25 ||    42
       Inner Flame       |       |     2 |     6 ||     8
       Dazzling Flash    |       |       |     2 ||     2
       Tukima's Dance    |       |       |     1 ||     1
  Use: Scroll            |       |       |    10 ||    10
Armor: Robe              |     1 |     2 |     7 ||    10
Dodge: Dodged            |     5 |     9 |    11 ||    25
